Cogmind - Beta 9.6 @@@ ROGUE MODE // 2020.04.19 @ 19:33:27 Player: Relth Result: Destroyed by G-47 Trooper with Particle Gun Performance ------------- Evolutions (2) 1000 Regions Visited (4) 800 Robots Destroyed (11) 55 Value Destroyed (363) 363 Prototype IDs (1) 20 Alien Tech Used (0) 0 Bonus (0) 0 TOTAL SCORE: 2238 Bonus ------- None Cogmind --------- Core Integrity 0/550 Matter 201/300 Energy 99/100 System Corruption 0% Temperature Cool (9) Movement Core (50) Location -8/Storage Parts ------- > --- POWER (2) -------- (None) > --- PROPULSION (3) --- (None) > --- UTILITY (4) ------ Seismic Analyzer System Shield > --- WEAPON (2) ------- (None) > --- INVENTORY (4) ---- Improved Datajack Peak State ------------ > --- POWER ------------ Improved Ion Engine > --- PROPULSION ------- VTOL Module VTOL Module > --- UTILITY ---------- Advanced Sensor Array Seismic Analyzer System Shield System Shield > --- WEAPON ----------- Improved Datajack Plasma Cutter > --- INVENTORY -------- Light Ion Engine Improved Datajack Improved Datajack [Rating: 21] Favorites ----------- Power Light Ion Engine Engine Light Ion Engine Propulsion VTOL Module Treads Light Treads Leg Aluminum Leg Wheel Wheel Hover Unit Airjet Flight Unit VTOL Module Utility System Shield Device Sensor Array Storage Medium Battery Processor Seismic Analyzer Hackware System Shield Weapon Improved Datajack Energy Gun Medium Laser Ballistic Gun Autogun Special Weapon Plasma Cutter Special Melee Weapon Improved Datajack Build | -11 -10 -9 -8 -8 ------- Run | Scr Mat Mat Mat Sto Slots Evolved 4 | . . 2 2 . Power 1 | . . . 1 . Propulsion 1 | . . 1 . . Utility 2 | . . 1 1 . Weapon . | . . . . . Parts Attached 42 | 6 11 12 3 10 Power 7 | 1 1 2 1 2 Engine 7 | 1 1 2 1 2 Core . | . . . . . Reactor . | . . . . . Propulsion 13 | 3 3 2 . 5 Treads 1 | . . . . 1 Leg 3 | 3 . . . . Wheel 1 | . . . . 1 Hover 1 | . . . . 1 Flight 7 | . 3 2 . 2 Utility 8 | . 2 3 2 1 Device 4 | . 1 1 1 1 Storage 1 | . 1 . . . Processor 1 | . . . 1 . Hackware 2 | . . 2 . . Protection . | . . . . . Artifact . | . . . . . Weapon 14 | 2 5 5 . 2 Energy Gun 4 | 1 2 1 . . Energy Cannon . | . . . . . Ballistic Gun 5 | 1 3 . . 1 Ballistic Cannon . | . . . . . Launcher . | . . . . . Special Weapon 2 | . . 2 . . Impact Weapon . | . . . . . Slashing Weapon . | . . . . . Piercing Weapon . | . . . . . Special Melee Weapon 3 | . . 2 . 1 Unidentified Prototypes 1 | . . 1 . . Parts Lost 12 | . 1 . 1 10 Power 3 | . . . . 3 Propulsion 5 | . 1 . . 4 Utility 2 | . . . . 2 Weapon 2 | . . . 1 1 Highest Loss Streak 5 | . 1 . 1 5 Average Slot Usage (%) 71 | . 80 81 76 51 Engine 10 | . 12 11 9 8 Leg 5 | . 18 . . . Flight 13 | . 9 22 18 6 Device 8 | . 12 9 9 1 Storage 1 | . 4 . . . Processor 3 | . . . 9 9 Hackware 12 | . . 20 18 16 Energy Gun 3 | . 9 . . . Ballistic Gun 5 | . 13 . . 3 Special Weapon 2 | . . 7 4 . Special Melee Weapon 4 | . . 9 9 1 Naked Turns . | . . . . . Heaviest Build 13 | 7 12 10 10 13 Greatest Support 20 | 20 20 15 10 10 Greatest Overweight (x) 4 | . . . . 4 Average Overweight (x) . | . . . . . Largest Inventory Capacity 4 | 4 4 4 4 4 Average Capacity 4 | 4 4 4 4 4 Most Carried 4 | 4 4 4 4 3 Average Carried 2 | 2 2 3 3 1 Final Capacity 4 | 4 4 4 4 4 Final Carried 3 | 3 3 3 3 1 Class Distribution -------------------- 55% | Hacker-Mutant 44% | Mutant Dominant Class ---------------- Mutant | -10/Materials Hacker-Mutant | -9/Materials Hacker-Mutant | -8/Materials Hacker-Mutant | -8/Storage Resources | -11 -10 -9 -8 -8 ----------- Run | Scr Mat Mat Mat Sto Matter Collected 665 | 281 110 110 99 65 Remotely . | . . . . . Salvage Created 431 | 42 120 110 . 159 Parts 33 | 1 8 9 . 15 Haulers Intercepted 1 | . . . . 1 Recyclers Shooed . | . . . . . Parts Field Recycled . | . . . . . Retrieved Matter . | . . . . . Parts Self-Destructed . | . . . . . Prevented . | . . . . . Kills | -11 -10 -9 -8 -8 ------- Run | Scr Mat Mat Mat Sto Combat Hostiles Destroyed 8 | 1 3 2 . 2 Guns 6 | 1 3 . . 2 Cannons 2 | . . 2 . . Classes Destroyed 6 | 1 2 1 . 2 Worker 1 | . . . . 1 Hauler 1 | . . . . 1 Watcher 1 | . 1 . . . Swarmer 1 | . 1 . . . Grunt 4 | 1 2 1 . . Sentry 3 | . . 1 . 2 Best Kill Streak 3 | 1 2 1 . 3 Combat Bots Only 2 | 1 2 1 . 1 Max Kills in Single Turn 1 | 1 1 1 . 1 Gunslinging . | . . . . . Exploded . | . . . . . Melee . | . . . . . Uniques/NPCs Destroyed . | . . . . . Combat | -11 -10 -9 -8 -8 -------- Run | Scr Mat Mat Mat Sto Damage Taken 1703 | 85 253 143 143 1079 Core 645 | 10 41 42 50 502 Absorbed by Shields . | . . . . . Core Remaining (%) 88 | 96 79 89 . . Volleys Fired 58 | 7 23 5 2 21 Largest 2 | 2 2 1 1 1 Hottest 70 | 70 70 20 20 23 Shots Fired 75 | 14 33 5 2 21 Gun 68 | 14 33 . . 21 Cannon . | . . . . . Launcher . | . . . . . Special 7 | . . 5 2 . Kinetic 53 | 7 25 . . 21 Thermal 15 | 7 1 5 2 . Explosive . | . . . . . Electromagnetic 7 | . 7 . . . Robot Hit Streak 10 | 8 10 3 4 4 Robot Miss Streak 4 | 1 4 1 1 1 Penetration Max . | . . . . . Secondary Targets . | . . . . . Shots Hit Robots 49 | 10 15 5 2 17 Core Hits 16 | 2 5 3 . 6 Critical Hits 3 | . . 2 . 1 Critical Kills 2 | . . 2 . . Critical Parts Destroyed 1 | . . . . 1 Melee Attacks 6 | . . 2 1 3 Impact . | . . . . . Slashing . | . . . . . Piercing . | . . . . . Sneak Attacks 2 | . . 2 . . Combat Hostiles 1 | . . 1 . . Follow-up Attacks . | . . . . . Damage Inflicted 482 | 111 194 43 12 122 Guns 427 | 111 194 . . 122 Cannons . | . . . . . Explosions . | . . . . . Melee . | . . . . . Ramming . | . . . . . Kinetic 305 | 34 149 . . 122 Thermal 145 | 77 13 43 12 . Explosive . | . . . . . Electromagnetic 32 | . 32 . . . Impact . | . . . . . Slashing . | . . . . . Piercing . | . . . . . Highest Corruption . | . . . . . Average Corruption . | . . . . . Corruption Purged . | . . . . . Overload Shots . | . . . . . Overflow Damage . | . . . . . Projectiles . | . . . . . Explosions . | . . . . . Melee . | . . . . . Knockbacks . | . . . . . Impact . | . . . . . Kinetic . | . . . . . Secondary . | . . . . . Self-Inflicted Damage . | . . . . . Shots . | . . . . . Rammed . | . . . . . Targets Rammed . | . . . . . Kicked . | . . . . . Crushed . | . . . . . Highest Temperature 82 | 54 82 . . 16 Average Temperature 21 | 25 19 . . 10 Received Heat Transfer 474 | 48 99 39 18 270 Siege Activations . | . . . . . Robots Corrupted . | . . . . . Combat Hostiles . | . . . . . Parts Fried . | . . . . . Impact Corruptions . | . . . . . Robots Melted . | . . . . . Combat Hostiles . | . . . . . Parts Melted . | . . . . . Heat Transferred 444 | 222 37 148 37 . Parts Sabotaged . | . . . . . Parts Stolen . | . . . . . Parts Stripped . | . . . . . Power Chain Reactions . | . . . . . Missiles Intercepted . | . . . . . Alert | -11 -10 -9 -8 -8 ------- Run | Scr Mat Mat Mat Sto Peak Influence 232 | 20 210 232 132 187 Average Influence 99 | 2 101 131 124 113 Maximum Alert Level 1 | . 1 1 . . Low Security (%) 94 | 100 96 82 100 100 Level 1 5 | . 3 17 . . Level 2 . | . . . . . Level 3 . | . . . . . Level 4 . | . . . . . Level 5 . | . . . . . High Security . | . . . . . Max Security . | . . . . . Squads Dispatched 3 | . . 1 2 . Investigation . | . . . . . Extermination . | . . . . . Reinforcement 2 | . . 1 1 . Assault 1 | . . . 1 . Garrison . | . . . . . Intercept . | . . . . . Construction Impeded . | . . . . . Haulers Reinforced . | . . . . . Stealth | -11 -10 -9 -8 -8 --------- Run | Scr Mat Mat Mat Sto Distress Signals 3 | . 1 1 . 1 Communications Jammed . | . . . . . Distress Signals . | . . . . . Times Spotted 42 | 1 9 10 11 11 Peak Tracking Total 8 | 1 5 5 8 7 Tactical Retreats 3 | . . 1 1 1 Traps | -11 -10 -9 -8 -8 ------- Run | Scr Mat Mat Mat Sto Traps Triggered . | . . . . . Indirectly . | . . . . . Trap Hack Attempts . | . . . . . Triggered . | . . . . . Disarmed . | . . . . . Reprogrammed . | . . . . . Reused . | . . . . . Traps Extracted . | . . . . . Installed . | . . . . . Triggered . | . . . . . Machines | -11 -10 -9 -8 -8 ---------- Run | Scr Mat Mat Mat Sto Machines Disabled 5 | . 5 . . . Max in Single Turn 1 | . 1 . . . Garrison Access 1 | . . . 1 . Machines Sabotaged . | . . . . . Garrisons Compromised . | . . . . . Overloaded Fab Kills . | . . . . . Fab Network Shutdowns . | . . . . . Hacking | -11 -10 -9 -8 -8 --------- Run | Scr Mat Mat Mat Sto Machines Accessed 7 | . 1 3 . 3 Terminals 5 | . . 2 . 3 Fabricators . | . . . . . Repair Stations 2 | . 1 1 . . Recycling Units . | . . . . . Scanalyzers . | . . . . . Garrison Access . | . . . . . Total Hacks 21 | . 2 12 . 7 Successful 14 | . 2 10 . 2 Failed 7 | . . 2 . 5 Catastrophic 2 | . . . . 2 Database Lockouts . | . . . . . Manual 1 | . . 1 . . Terminals 17 | . . 10 . 7 Fabricators . | . . . . . Repair Stations 4 | . 2 2 . . Recycling Units . | . . . . . Scanalyzers . | . . . . . Garrison Access . | . . . . . Terminal Hacks 10 | . . 8 . 2 Record 4 | . . 4 . . Open Door 2 | . . . . 2 Emergency Access Points 1 | . . 1 . . Alert Level 1 | . . 1 . . Locate Traps 1 | . . 1 . . Zone Layout 1 | . . 1 . . Fabricator Hacks . | . . . . . Repair Station Hacks 4 | . 2 2 . . Scan Component 2 | . 1 1 . . Repair 2 | . 1 1 . . Recycling Unit Hacks . | . . . . . Scanalyzer . | . . . . . Garrison Access Hacks . | . . . . . Unauthorized Hacks . | . . . . . Terminals . | . . . . . Fabricators . | . . . . . Repair Stations . | . . . . . Recycling Units . | . . . . . Scanalyzers . | . . . . . Garrison Access . | . . . . . Data Cores Recovered . | . . . . . Used . | . . . . . Hacking Detections 4 | . 1 2 . 1 Full Trace Events . | . . . . . Feedback Events . | . . . . . Feedback Blocked . | . . . . . Robot Schematics Acquired . | . . . . . Robots Built . | . . . . . Matter . | . . . . . Time . | . . . . . Total Robot Build Rating . | . . . . . Part Schematics Acquired . | . . . . . Parts Built . | . . . . . Matter . | . . . . . Time . | . . . . . Total Part Build Rating . | . . . . . Parts Repaired 2 | . 1 1 . . Time 52 | . 26 26 . . Parts Recycled . | . . . . . Recycled Matter . | . . . . . Retrieved Matter . | . . . . . Retrieved Components . | . . . . . Parts Scanalyzed . | . . . . . Part Schematics Acquired . | . . . . . Parts Damaged . | . . . . . Bothacking | -11 -10 -9 -8 -8 ------------ Run | Scr Mat Mat Mat Sto Used RIF Installer . | . . . . . Robots Hacked 4 | . . 2 1 1 Non-combat 2 | . . 1 . 1 Combat 2 | . . 1 1 . Robot Hacks Applied 4 | . . 2 1 1 parse_system 3 | . . 1 1 1 no_distress 1 | . . 1 . . Relay Couplers Released 2 | . . . 2 . Machine Destruction 2 | . . . 2 . Robots Rewired . | . . . . . Allies Hacked . | . . . . . Hacks Repelled . | . . . . . Allies | -11 -10 -9 -8 -8 -------- Run | Scr Mat Mat Mat Sto Total Allies . | . . . . . Largest Group . | . . . . . Highest-Rated Group . | . . . . . Highest-Rated Ally . | . . . . . Total Orders . | . . . . . Ally Attacks . | . . . . . Total Damage . | . . . . . Kills . | . . . . . Allies Corrupted . | . . . . . Allies Melted . | . . . . . Intel | -11 -10 -9 -8 -8 ------- Run | Scr Mat Mat Mat Sto Robot Analysis Total . | . . . . . Derelict Logs Recovered . | . . . . . Drone Launches 2 | . . . . 2 Drone Recoveries . | . . . . . Exploration | -11 -10 -9 -8 -8 ------------- Run | Scr Mat Mat Mat Sto Turns Passed 1127 | 164 312 284 63 304 Spaces Moved 1373 | 113 276 424 122 438 Core 80 | 15 . . . 65 Treads . | . . . . . Legs 220 | 98 122 . . . Wheels 70 | . . . . 70 Hover 37 | . . . . 37 Flight 966 | . 154 424 122 266 Fastest Speed 34 | 50 37 34 37 37 Average Speed 55 | 110 73 36 37 52 Slowest Speed 250 | 120 120 37 37 250 Overloaded Moves . | . . . . . Propulsion Burnouts . | . . . . . Robots Hopped . | . . . . . Cave-ins Triggered . | . . . . . Exploration Rate (%) 27 | 7 40 30 14 46 Regions Visited 4 Branch Regions 1 Pre-discovered Areas . | . . . . . Known Exits Taken . | . . . . . Unknown Exits Taken 4 | 1 1 1 1 . Scrap Searched . | . . . . . Spaces Dug . | . . . . . Terrain Destroyed . | . . . . . Melee . | . . . . . Projectile . | . . . . . AOE . | . . . . . Actions | -11 -10 -9 -8 -8 --------- Run | Scr Mat Mat Mat Sto Total 1681 | 139 362 547 135 498 Wait 114 | . 26 72 4 12 Move 1369 | 112 275 423 121 438 Hop . | . . . . . Pick Up 53 | 11 14 18 2 8 Fast Attach . | . . . . . Attach 42 | 6 11 12 3 10 Detach 3 | . 1 1 1 . Swap . | . . . . . Drop 36 | 3 12 14 1 6 Fire 58 | 7 23 5 2 21 Melee 6 | . . 2 1 3 Ram . | . . . . . Kick . | . . . . . Crush . | . . . . . Escape Stasis . | . . . . . Rewire . | . . . . . Trap . | . . . . . Miscellaneous . | . . . . . Route ------- -11/Scrapyard -10/Materials -9/Materials -8/Materials -8/Storage History --------- Turn | Location | Event 2 | -11/Scrapyard | Met Revision 17 111 | -11/Scrapyard | Discovered new exit (range 8) 165 | -11/Scrapyard | Entered Materials 243 | -10/Materials | Discovered new exit (range 13) 303 | -10/Materials | Build established: Mutant 419 | -10/Materials | Repaired Lgt. Ion Engine 477 | -10/Materials | Entered another Materials area 477 | -9/Materials | Evolved 2 slots: Propulsion x1, Utility x1 530 | -9/Materials | Repaired Sensor Array 760 | -9/Materials | Discovered new exit (range 5) 761 | -9/Materials | Entered another Materials area 761 | -8/Materials | Evolved 2 slots: Power x1, Utility x1 797 | -8/Materials | Discovered new exit (range 10) 807 | -8/Materials | Build established: Hacker-Mutant 824 | -8/Materials | Entered Storage 1013 | -8/Storage | Core integrity fell below 50% 1046 | -8/Storage | Lost 5 parts (2p1n1u1w) 1048 | -8/Storage | Core integrity fell below 20% 1128 | -8/Storage | Destroyed by G-47 Trooper with Particle Gun Last Messages --------------- 01024_ K-01 Serf cleans the Terminal. 01027_ Acquired Airjet. 01027_ K-01 Serf cleans the Terminal. 01030_ Slug penetrates Wall. 01052_ Airjet destroyed. 01054_ R-06 Scavenger collects Med. Storage Unit. 01057_ R-06 Scavenger collects Shotgun. 01058_ Acquired VTOL Module. 01063_ R-06 Scavenger collects Shotgun. 01072_ Drone destroyed. 01088_ System Shield destroyed. 01091_ Slug penetrates Wall. 01097_ Transport Mainframe disabled. 01100_ VTOL Module destroyed. 01101_ Acquired 12 matter. 01112_ Slug penetrates Wall. 01112_ Lgt. Ion Engine destroyed. 01118_ VTOL Module destroyed. 01124_ Transport Mainframe disabled. [Achievement: First Step to Greatness] Map ----- +----------------------------------------------------+ | ??????????????????????????????????????????????? | | ??????????????????????????????????????????????? | | ??????????????????????????????????????????????? | | ??????????????????????????????????????????????? | | ???????????????????????????????????? #??????? | | ???????????????????????????????????? #??????? | | ???????????????????????????????????# #??????? | | ???????????????????????????????????# #??????? | | ???????????????????????????????????# #??####+ | | ???????????????????????????????????# #??# | | ???????????????????????????????????# #??# | | ???????????????????????????????????# #### | | ???????????????????????????????????+ ""## | | ???????????????????????????????????# Y"## | | ???????????????????????????????????# ""?# | | ???????????????????????????????????# #?## | | ??????????????????????????????????## ### | | ??????????????????????????????????# ### | | ???????????????#+################## #?#/### | | ??????????+ #?# #?? | | ???????????????#######+#######/#### % ### ### | | ???????????????????# ## # # # | | ???????????????????# """"Y## " " ##### # " | | ???????????????????# """"Y## """ #???# # "T | | ???????????????????# """" ## """" #???# # | | ???????????????????# "@""h## """" #???# # # | | ???????????????????# g gg ## #???# ## ## | | ???????????????????##########+#####???# ## #? | | ????????????????????????????# #???????# ## ## | | ????????????????????????????# #???????# ## # | | ????????????????##########??# #???????# ## / | | ????????????????# ####/######??# ## # | | ??????????????### """ # #??# ## #T | | ??????????????#"" """ # #??# ## ## | | ??????????????#"T!! """ # """""" #### ## #? | | ??????????????#""! # "????" + ## ## | | ??????????????### ""# "????" #### ## | | ???????????????## T"# """""" #??# ## | | ???????????????# ""# #??# ## | | ???????????????## # #??# ######+ | | ?????????????"###### #######+########## ## | | ?????????????" ! * / | | ?????????????" =%[ # / | | ?????????????"#T##########+#####+######### ![ | | ??????????????#????######=!#?? #???????# [[ | | ???????????????????#!!! # #?# #???????# [* | | ???????????????????#% #?#!!!#???????# | | ???????????????????#!!!!# ##?#!!!????????# | | ???????????????????########??####????????# | | ?????????????????????????????????????????###### | +----------------------------------------------------+ Best States ------------- Heat Dissipation 31 Energy Generation 12 Energy Capacity 325 Matter Stores 300 Matter Capacity 300 Sight Range 16 Robot Scan Range 16 Terrain Scan Density 60 Evasion (%) 63 Defensive Hacking 20 Item Schematics ----------------- None Robot Schematics ------------------ None Fabricated ------------ Nothing Alien Tech Used ----------------- None Achievements -------------- Crack Shot First Step to Greatness Loot Pinata Part-time Mechanic Risk Taker Uninvited Guest Challenges ------------ None Game ------ Seed WeldingBurstInterpreter Manual? 0 Play Time 01:47:19 Cumulative 3.5 hours Start 2020.04.19 @ 16:44:18 End 2020.04.19 @ 19:33:27 Sessions 3 Manual Loads 0 Difficulty Rogue Special Mode None Game No. 1 Rogue 1 Adventurer 0 Explorer 0 Win Type - Total 0 Types 0/0/0/0/0/0/0 Lore% 0 Gallery% 3 Achievement% 2 Wizard Run 0 Options --------- ASCII 0 Keyboard 0 Movement Mouse Keybinds 0 Fullscreen 1 Font 16/Cog Map View 76x50 Tactical HUD 1 Map Filters NONE Filters NONE Steam 1 RUN: f354a400-344d-4934-87e2-c181bcbca274